 Dungeon Crawl Stone Soup version 0.27.1-4-g1640c2035a (webtiles) character file.

Game seed: 3297289913265277461

21 MisterFreud the Changer (level 2, -9/23 HPs)
             Began as a Draconian Transmuter on Nov 10, 2021.
             Was a Follower of Kikubaaqudgha.
             Mangled by an iguana (13 damage)
             ... on level 2 of the Dungeon.
             The game lasted 00:01:40 (1348 turns).

MisterFreud the Changer (Draconian Transmuter)      Turns: 1348, Time: 00:01:40

Health: -9/23      AC:  4    Str: 12    XL:     2   Next: 62%
Magic:  4/5        EV: 12    Int: 13    God:    Kikubaaqudgha [*.....]
Gold:   52         SH:  0    Dex: 11    Spells: 2/5 levels left

rFire    . . .     SeeInvis .     - Unarmed
rCold    . . .     Faith    .   (no shield)
rNeg     + . .     Spirit   .   (armour unavailable)
rPois    .         Reflect  .   (helmet currently unavailable)
rElec    .         Harm     .   (no cloak)
rCorr    .         Rampage  .   (no gloves)
Will     .....                  (boots currently unavailable)
Stlth    +.........             (no amulet)
HPRegen  0.07/turn              e - ring of positive energy
MPRegen  0.09/turn              (no ring)

@: appendages (expiring)
A: horns 2, talons 2, AC +4, unfitting armour, cold-blooded
a: End Transformation, Renounce Religion, Receive Corpses


You were on level 2 of the Dungeon.
You worshipped Kikubaaqudgha.
Kikubaaqudgha was aware of your devotion.
You had temporarily grown beastly horns and talons.
You visited 1 branch of the dungeon, and saw 2 of its levels.

You collected 52 gold pieces.

Inventory:

Missiles
 f - 7 boomerangs
Jewellery
 e - a ring of positive energy (left hand)
Scrolls
 b - 2 scrolls of identify {unknown}
 c - a scroll of torment {unknown}
Potions
 a - a potion of attraction {unknown}
 d - a potion of invisibility {unknown}


   Skills:
 - Level 1.1 Fighting
 - Level 1.7 Dodging
 - Level 3.0 Unarmed Combat
 - Level 2.0 Spellcasting
 + Level 3.2 Transmutations


You had 2 spell levels left.
You knew the following spells:

 Your Spells              Type           Power      Damage    Failure   Level
a - Beastly Appendage     Tmut           18%        N/A       7%          1
b - Wereblood             Tmut           9%         N/A       10%         2

Your spell library contained the following spells:

 Spells                   Type           Power      Damage    Failure   Level
 Animate Skeleton         Necr           2%         N/A       26%         1
 Pain                     Necr           4%         1d4       26%         1
 Ensorcelled Hibernation  Hex/Ice        2%         N/A       36%         2
 Sublimation of Blood     Necr           0%         N/A       36%         2
 Spider Form              Tmut/Pois      2%         N/A       36%         3
 Swiftness                Air            1%         N/A       58%         3
 Vampiric Draining        Necr           0%         2d6       58%         3
 Ice Form                 Ice/Tmut       5%         N/A       78%         4
 Silence                  Hex/Air        0%         N/A       100%        5
 Shadow Creatures         Summ           N/A        N/A       100%        6
 Maxwell's Capacitive Co  Air            0%         ∞         100%        8


Dungeon Overview and Level Annotations

Branches:
Dungeon (2/15)

Altars:
Kikubaaqudgha

Shops:
D:2 ![


Innate Abilities, Weirdness & Mutations

You have temporarily grown beastly horns and talons.
Your plain brown scales are hard. (AC +4)
You cannot fit into any form of body armour.
You are cold-blooded and may be slowed by cold attacks.


Message History

There is an abandoned shop here.
An iguana comes into view.
An iguana is nearby!
Casting: Beastly Appendage (safe; 7% risk of failure)
Confirm with . or Enter, or press ? or * to list all spells.
You grow a pair of large bovine horns.
Your feet morph into talons.
The iguana hisses angrily.
You hit the iguana but do no damage. The iguana barely misses you.
You barely miss the iguana. You claw the iguana.
The iguana is lightly wounded.
The iguana closely misses you.
You hit the iguana. Your kick misses the iguana. You tail-slap the iguana.
The iguana is severely wounded.
The iguana closely misses you.
You closely miss the iguana.
The iguana is severely wounded.
You hit the iguana but do no damage. Your kick misses the iguana.
Your tail-slap misses the iguana.
The iguana is severely wounded.
The iguana barely misses you.
You hit the iguana but do no damage. You claw the iguana, but do no damage.
Your headbutt misses the iguana.
The iguana is severely wounded.
The iguana bites you!
You hit the iguana. Your kick misses the iguana.
Your headbutt misses the iguana. Your punch misses the iguana.
The iguana is severely wounded.
The iguana bites you!
* * * LOW HITPOINT WARNING * * *
You are too injured to fight recklessly!
You hit the iguana but do no damage.
The iguana is severely wounded.
Your transformation is almost over.
The iguana barely misses you.
You hit the iguana. Your kick misses the iguana.
The iguana is severely wounded.
The iguana bites you!
Ouch! That really hurt!
You die...
Kikubaaqudgha rasps: "You have failed me!
Welcome... death!"

... #.# #.#####.#..#
# .. ..# #.......#..#
#.#.##############..#
...# #.......#.....
#.###.#####.#.....
#∩.∩..# #.#.##..
#.....#####.#..#.#
#∩.∩.....##.####..
#@###.##.#........
#l# #.# ######### #..
... .####### . .. ##


You could see an iguana.

Vanquished Creatures
  A bat (D:1)
  2 endoplasms (D:1)
  3 goblins (D:1)
  3 hobgoblins (D:1)
  A kobold (D:1)
  A quokka (D:2)
  3 ball pythons
  2 frilled lizards (D:1)
  2 rats (D:1)
18 creatures vanquished.

Notes
Turn   | Place    | Note
-------+----------+-------------------------------------------
     0 | D:1      | MisterFreud the Draconian Transmuter began the quest for
                  | the Orb.
     0 | D:1      | Reached XP level 1. HP: 16/16 MP: 3/3
   282 | D:1      | Got Beel's Collected Works on Flight
   290 | D:1      | You fall into a shaft and drop 1 floor!
   303 | D:2      | Reached XP level 2. HP: 18/23 MP: 3/5
   306 | D:2      | Learned a level 2 spell: Wereblood
   848 | D:1      | Found a faded altar of an unknown god.
   866 | D:1      | Became a worshipper of Kikubaaqudgha
   866 | D:1      | Reached * piety under Kikubaaqudgha
   866 | D:1      | Received a gift from Kikubaaqudgha
  1171 | D:2      | Found Nired's Armour Emporium.
  1330 | D:2      | Found Emeetsesacw's Distillery.
  1348 | D:2      | Mangled by an iguana

Illustrated notes

Levels and vault maps discovered:
D:1:      mrwooster_arrival_statue_2, layout_basic,
          chequers_ecumenical_altar_simple_redux, nrook_mini_vaults
D:2:      layout_basic, serial_shops, nicolae_shop_statue_plus,
          nicolae_shop_competitors_out_of_business, nicolae_shop_stone, shop,
          eino_tiny_chamber

Skill      XL: |  1  2 |
---------------+-------+-----
Transmutations | 3 |  3.2
Fighting       | |  1.1
Dodging        | |  1.7
Unarmed Combat | |  3.0
Spellcasting   | |  2.0

Action                   || total
-------------------------++-------
Melee: Unarmed           ||    52
       Headbutt          ||     4
       Tailslap          ||     3
       Kick              ||     7
 Cast: Beastly Appendage ||    13
 Stab: Sleeping          ||     1
Armor: Skin              ||     7
Dodge: Dodged            ||    26
